 Dungeon Crawl Stone Soup version 0.19-a0-854-gc78d25d (webtiles) character file.

380 rageheart7 the Cudgeler (level 6, 0/51 HPs)
             Began as a Demonspawn Fighter on July 1, 2016.
             Slain by an ogre
             ... wielding a +0 giant club
              (18 damage)
             ... on level 4 of the Dungeon.
             The game lasted 00:09:24 (3171 turns).

rageheart7 the Cudgeler (Demonspawn Fighter)        Turns: 3171, Time: 00:09:25

Health: 0/51       AC:  8    Str: 15 (17) XL:     6   Next: 46%
Magic:  6/6        EV:  7    Int: 14 (17) God:
Gold:   167        SH:  8    Dex: 10 (13) Spells: 0 memorised, 5 levels left

rFire  + . .     SeeInvis .     a - +0 flail
rCold  . . .     Gourm    .     b - +0 scale mail
rNeg   . . .     Faith    +     c - +0 shield
rPois  .         Spirit   .     (no helmet)
rElec  .         Dismiss  .     (no cloak)
rCorr  .         Reflect  .     (no gloves)
SustAt .         Harm     .     (no boots)
MR     .....                    h - amulet of faith
Stlth  ..........               l - +2 ring of intelligence
                                q - ring of protection from fire

@: brilliant, very slightly contaminated, not resistant to hostile enchantments,
extremely unstealthy
A: claws 1, rugged brown scales 2
a: no special abilities


You were on level 4 of the Dungeon.
You were hungry.

You visited 1 branch of the dungeon, and saw 4 of its levels.

You collected 167 gold pieces.

Inventory:

Hand Weapons
 a - a +0 flail (weapon)
Missiles
 i - 3 tomahawks (quivered)
Armour
 b - a +0 scale mail (worn)
 c - a +0 shield (worn)
Jewellery
 h - an amulet of faith (around neck)
 l - a +2 ring of intelligence (right claw)
 q - a ring of protection from fire (left claw)
 r - an uncursed ring of resist corrosion {unknown}
 w - an uncursed ring of ice {unknown}
Wands
 u - a wand of teleportation (0/9)
Scrolls
 d - a scroll of amnesia {unknown}
 n - 2 scrolls of identify
 v - a scroll of remove curse
Potions
 m - a potion of degeneration
Comestibles
 f - 2 bread rations
 g - a meat ration
 t - a beef jerky


   Skills:
 + Level 4.7 Fighting
 * Level 5.1 Maces & Flails
 - Level 2.6 Armour
 - Level 1.2 Dodging
 - Level 2.6 Shields


You had 5 spell levels left.
You didn't know any spells.

Dungeon Overview and Level Annotations

Branches:
Dungeon (4/15)
 Temple: D:4-7

Altars:
Kikubaaqudgha
Okawaru


Innate Abilities, Weirdness & Mutations

You have sharp fingernails.
You are mostly covered in rugged brown scales. (AC +2, +5% HP)


Message History

Evoke which item? (* to show all) (? for menu, Esc to quit)
Zapping:
u - a wand of teleportation (will waste charges)
Press: ? - help, Shift-Dir - straight line, f - you You feel strangely unstable.
Evoking this partially-identified wand wasted a few charges.
The gnoll shaman utters an invocation to its god.
The gnoll shaman is healed somewhat.
The gnoll is no longer moving quickly.
Your surroundings suddenly seem different.
An ogre comes into view. It is wielding a giant club.
The ogre shouts!
You block the ogre's attack.
Found 11 gold pieces.
Found an iron altar of Okawaru and an ancient bone altar of Kikubaaqudgha.
You closely miss the ogre. The ogre hits you with a giant club!
You hit the ogre but do no damage. You block the ogre's attack.
You hit the ogre.
The ogre is moderately wounded.
The ogre hits you with a giant club!!
You die...

##.##.##.# #..#
#.##.##.# #..#
#.##.##.# #... .
##.##.##.# ##### 8.
.........# ...
##)#.#...# _...
#>##.#### ######..._.
#.##.# #.:........
#.##.########.#@.......
#......gg.gg..#O###.#.#
#..#.#.########.#
#.#....... #.#
##..#.#.##.# #.#
##.....# # #$# ###.###
... #.. #.# ##


You could see an ogre.

Vanquished Creatures
  A hound (D:4)
  2 centaur skeletons (D:4)
  5 orc wizards
  8 adders
  3 worms
  A dart slug (D:1)
  2 giant geckos
  8 orcs
  A ball python (D:2)
  4 giant cockroaches
  8 goblins
  7 hobgoblins
  3 jackals (D:3)
  2 quokkas
  6 bats
  5 giant newts
  4 kobolds
  8 rats
78 creatures vanquished.

Notes
Turn   | Place    | Note
-------+----------+-------------------------------------------
     0 | D:1      | rageheart7 the Demonspawn Fighter began the quest for the Orb.
     0 | D:1      | Reached XP level 1. HP: 18/18 MP: 1/1
    78 | D:1      | Reached skill level 2 in Maces & Flails
   161 | D:1      | Gained mutation: You are partially covered in rugged brown scales. (AC +1, +3% HP) [demonic ancestry]
   161 | D:1      | Reached XP level 2. HP: 17/24 MP: 2/2
   603 | D:2      | Gained mutation: You have sharp fingernails. [demonic ancestry]
   603 | D:2      | Reached XP level 3. HP: 26/29 MP: 3/3
   801 | D:2      | Reached skill level 1 in Dodging
   863 | D:2      | HP: 3/67 [poisoned by an adder]
  1175 | D:2      | Reached XP level 4. HP: 38/38 MP: 4/4
  1860 | D:3      | Reached skill level 3 in Maces & Flails
  2031 | D:3      | Gained mutation: You are mostly covered in rugged brown scales. (AC +2, +5% HP) [demonic ancestry]
  2031 | D:3      | Reached XP level 5. HP: 35/45 MP: 5/5
  2063 | D:3      | Reached skill level 4 in Maces & Flails
  2829 | D:4      | Reached XP level 6. HP: 47/51 MP: 6/6
  3064 | D:4      | Reached skill level 5 in Maces & Flails
  3145 | D:4      | HP: 1/51 [gnoll/flail (6)]
  3168 | D:4      | Found an iron altar of Okawaru.
  3168 | D:4      | Found an ancient bone altar of Kikubaaqudgha.
  3171 | D:4      | Slain by an ogre

Vault maps used:
D:1:      minmay_arrival_solitary_statue, hex_large
D:4:      grunt_temple_overflow_open, minivault_26, tgw_fedhas

Skill      XL: |  1  2  3  4  5  6 |
---------------+-------------------+-----
Maces & Flails | 2 3 4 5 |  5.1
Dodging        | 1 |  1.2
Fighting       | 4 |  4.7
Armour         | |  2.6
Shields        | |  2.6

Action                   |  1- 3 |  4- 6 || total
-------------------------+-------+-------++-------
Melee: Flail             |   119 |   210 ||   329
Evoke: Wand              |       |     1 ||     1
  Use: Scroll            |     3 |     8 ||    11
       Potion            |     2 |     7 ||     9
  Eat: Chunk             |     2 |     6 ||     8
Armor: Scale mail        |    72 |   125 ||   197
       Skin              |     1 |       ||     1
Dodge: Dodged            |    46 |    70 ||   116
Block: Shield            |    68 |   108 ||   176
